 Dungeon Crawl Stone Soup version 0.29.0-11-gd7f09526c8 (webtiles) character file.

Game seed: 9202433740424095070

61 Persephone the Shooter (level 3, -2/20 HPs)
             Began as a Deep Elf Hunter on Sept 5, 2022.
             Slain by a hell rat (14 damage)
             ... in a sewer.
             The game lasted 00:02:51 (1863 turns).

Persephone the Shooter (Deep Elf Hunter)            Turns: 1863, Time: 00:02:52

Health: -2/20      AC:  3    Str:  5    XL:     3   Next: 83%
Magic:  5/5        EV: 14    Int: 13    God:
Gold:   36         SH:  0    Dex: 24    Spells: 2/2 levels left

rFire   + . .      SeeInvis .   a - +0 shortbow
rCold   + . .      Faith    .   (shield currently unavailable)
rNeg    + + +      Spirit   .   q - +1 robe "Niebraisk" {rElec rN+++ Str-3 Dex+4}
rPois   .          Reflect  .   (no helmet)
rElec   +          Harm     .   r - scarf {rC+ rF+}
rCorr   .          Rampage  .   (no gloves)
Will    .....                   (no boots)
Stlth   ++........              (no amulet)
HPRegen 0.06/turn               (no ring)
MPRegen 0.09/turn               (no ring)

@: no status effects
A: no striking features
a: no special abilities


You were in a sewer.
You visited 1 branch of the dungeon, and saw 3 of its levels.
You also visited: Sewer.

You collected 36 gold pieces.

Inventory:

Hand Weapons
 a - a +0 shortbow (weapon)
Armour
 c - a +0 leather armour
 q - the +1 robe "Niebraisk" (worn) {rElec rN+++ Str-3 Dex+4}
   (You found it on level 2 of the Dungeon)

   Str:       It affects your strength (-3).
   Dex:       It affects your dexterity (+4).
   rElec:     It insulates you from electricity.
   rN:        It renders you almost immune to negative energy.
 r - a scarf of resistance (worn)
Scrolls
 b - 2 scrolls of immolation
 e - a scroll of noise {unknown}
 f - a scroll of silence {unknown}
 i - 2 scrolls of teleportation {unknown}
 k - a scroll of poison {unknown}
 n - a scroll of fear {unknown}
 o - a scroll of magic mapping {unknown}
Potions
 d - a potion of brilliance {unknown}
 g - a potion of invisibility {unknown}
 h - 3 potions of mutation {unknown}
 j - a potion of heal wounds {unknown}
 l - a potion of resistance {unknown}
 m - a potion of might {unknown}
 p - 2 potions of lignification {unknown}
 s - a potion of curing {unknown}


   Skills:
 - Level 1.5 Fighting
 * Level 6.7 Ranged Weapons
 + Level 3.4 Dodging
 - Level 1.2 Stealth


You had 2 spell levels left.
You didn't know any spells.
Your spell library contained the following spells:

 Spells                   Type           Power      Damage    Failure   Level
 Fireball                 Conj/Fire      0%         3d3       100%        5
 Iskenderun's Battlesphe  Conj           0%         2d6       100%        5
 Summon Forest            Summ/Tloc      0%         N/A       100%        5
 Summon Mana Viper        Hex/Summ       0%         N/A       100%        5
 Conjure Ball Lightning   Conj/Air       0%         3x3d6     100%        6
 Summon Cactus Giant      Summ           0%         N/A       100%        6
 Orb of Destruction       Conj           0%         9d5       100%        7


Dungeon Overview and Level Annotations

Branches:
Dungeon (3/15)              Sewer (1/1)

Altars:


Message History

You shoot an arrow.
The arrow hits the rat but does no damage.
The rat is moderately wounded.
You shoot an arrow. The arrow hits the rat!
You kill the rat!
No target in view!
No target in view!
No target in view!
No target in view!
No target in view!
No target in view!
You open the door.
A hell rat comes into view.
Found three items.
Found a gate leading back out of this place.
You shoot an arrow.
The arrow completely misses the hell rat.
The hell rat roars deafeningly!
You shoot an arrow. The arrow barely misses the hell rat.
No target in view!
No target in view!
No target in view!
No target in view!
No target in view!
No target in view!
No target in view!
No target in view!
No target in view!
Found three items.
You shoot an arrow. The arrow hits the hell rat.
The hell rat is moderately wounded.
The hell rat closely misses you.
You shoot an arrow. The arrow barely misses the hell rat.
The hell rat misses you.
You shoot an arrow. The arrow closely misses the hell rat.
The hell rat bites you!
You shoot an arrow. The arrow barely misses the hell rat.
The hell rat closely misses you. The hell rat bites you!
Ouch! That really hurt!
You die...

#########
###~.~...~###
#~~.~~@.~..~###
~~..~##r##.~~.~#
~.~ #~~~###††~##
~ .~~~~~ ##.~.# ~
~~.~~~~. #~~.#
~.##~?!???.##~~~#
..~###?∩?###~~~##
.~~~~#####.~.~.#
#.~...∩~.~~.###


You could see a hell rat.

Vanquished Creatures
  2 river rats (Sewer)
  An adder (D:2)
  2 ball pythons (D:3)
  3 endoplasms (D:1)
  3 giant cockroaches
  4 goblins (D:1)
  A hobgoblin (D:2)
  2 jackals (D:3)
  6 kobolds
  A quokka (D:1)
  5 rats
30 creatures vanquished.

Notes
Turn   | Place    | Note
-------+----------+-------------------------------------------
     0 | D:1      | Persephone the Deep Elf Hunter began the quest for the Orb.
     0 | D:1      | Reached XP level 1. HP: 12/12 MP: 3/3
   381 | D:1      | Reached XP level 2. HP: 16/16 MP: 4/4
   553 | D:1      | Reached skill level 6 in Ranged Weapons
   851 | D:2      | Found a faded altar of an unknown god.
   912 | D:2      | Identified the +1 robe "Niebraisk" {rElec rN+++ Str-3
                  | Dex+4}
  1279 | D:2      | Reached XP level 3. HP: 18/20 MP: 5/5
  1767 | D:3      | Found a glowing drain.
  1774 | Sewer    | Entered a sewer
  1863 | Sewer    | Slain by a hell rat

Illustrated notes

Levels and vault maps discovered:
D:1:      amcnicky_arrival_gap_in_the_tavern_cellar, layout_loops_ring,
          corexii_corridor_pit, minmay_heptomino_o4
D:2:      layout_loops_corners, hellmonk_ecumenical_altar_crossroads
D:3:      minmay_evil_eye, layout_basic, gup_sewer_entry_bubbles,
          dreamdust_wishing_well
Sewer:    sewer_hellmonk_bad_rat

Skill      XL: |  1  2 |
---------------+-------+-----
Ranged Weapons | 6 |  6.7
Dodging        | 3 |  3.4
Fighting       | |  1.5
Stealth        | |  1.2

Action                   || total
-------------------------++-------
 Fire: Shortbow          ||    91
Armor: Leather armour    ||     2
       Robe              ||     1
Dodge: Dodged            ||    19
